 Dungeon Crawl Stone Soup version 0.31-a0-234-gad7ace16ef (webtiles) character file.

Game seed: 13961551713114499905

124 qw the Shooter (level 4, -5/36 HPs)
             Began as a Minotaur Hexslinger on July 9, 2023.
             Slain by an orc
             ... wielding a +0 falchion
              (6 damage)
             ... on level 3 of the Dungeon.
             The game lasted 00:00:49 (2532 turns).

qw the Shooter (Minotaur Hexslinger)                Turns: 2532, Time: 00:00:49

Health: -5/36      AC:  6    Str: 13    XL:     4   Next: 81%
Magic:  4/4        EV: 11    Int: 10    God:
Gold:   205        SH:  0    Dex: 14    Spells: 4/5 levels left

rFire   . . .        Y - +2 sling
rCold   + . .        (no shield)
rNeg    . . .        h - +0 ring mail
rPois   .            (helmet restricted)
rElec   .            (no cloak)
rCorr   .            k - +0 pair of gloves
SInv    .            (no boots)
Will    .....        d - amulet of the acrobat
Stlth   +            b - ring of protection from cold
HPRegen 0.26/turn    (no ring)
MPRegen 0.09/turn

%: acrobat
@: lethally poisoned (-5 -> -8)
A: horns 2, retaliatory headbutt
a: no special abilities


You were on level 3 of the Dungeon.
You visited 1 branch of the dungeon, and saw 4 of its levels.

You collected 205 gold pieces.


Innate Abilities, Weirdness & Mutations

You have a pair of horns on your head.
You reflexively headbutt those who attack you in melee.


   Skills:
 + Level 2.3 Fighting
 - Level 5.0 Ranged Weapons
 - Level 1.5 Armour
 - Level 2.1 Dodging
 - Level 1.0 Spellcasting
 - Level 2.0 Hexes


You had 4 spell levels left.
You knew the following spells:

 Your Spells              Type           Power      Damage    Failure   Level
a - Slow                  Hex            16%        N/A       32%         1

Your spell library contained the following spells:

 Spells                   Type           Power      Damage    Failure   Level
 Inner Flame              Hex/Fire       2%         N/A       82%         3
 Portal Projectile        Hex/Tloc       4%         N/A       82%         3
 Cause Fear               Hex            2%         N/A       97%         4

Inventory:

Hand Weapons
 Y - a +2 sling (weapon)
Armour
 h - a +0 ring mail (worn)
 k - a +0 pair of gloves (worn)
Jewellery
 b - a ring of protection from cold (left hand)
 d - an amulet of the acrobat (around neck)
Scrolls
 l - a scroll of identify
Potions
 c - a potion of degeneration {unknown}
 e - a potion of curing
 f - a potion of magic {unknown}
 g - a potion of attraction {unknown}
 i - a potion of cancellation
 j - a potion of might {unknown}

Dungeon Overview and Level Annotations

Branches:
Dungeon (4/15)
 Temple: D:4-7

Altars:

Shops:
D:1 (


Message History

Enter note:
Enter note:
Enter note:
Enter note:
Enter note: You shoot a sling bullet.
The sling bullet barely misses the scorpion.
The scorpion stings you.
You are poisoned.
The scorpion poisons you! The kobold completely misses you.
You furiously retaliate!
You headbutt the kobold. The orc hits you with a +0 falchion.
You shoot a sling bullet.
The sling bullet hits the scorpion but does no damage.
The scorpion is heavily wounded.
You feel very sick. The scorpion barely misses you.
The kobold closely misses you. You furiously retaliate!
You headbutt the kobold.
You kill the kobold!
The orc barely misses you.
The scorpion stings you but does no damage.
You shoot a sling bullet. The sling bullet hits the scorpion.
The scorpion is heavily wounded.
You feel sick. The orc closely misses you. The scorpion stings you.
You shoot a sling bullet.
The sling bullet barely misses the scorpion.
You feel a little less clever now.
You feel sick. The scorpion closely misses you. The orc closely misses you.
The scorpion stings you but does no damage.
The orc hits you with a +0 falchion.
You shoot a sling bullet.
The sling bullet closely misses the scorpion.
You feel sick. The scorpion stings you. The orc barely misses you.
You shoot a sling bullet.
The sling bullet hits the scorpion but does no damage.
The scorpion is heavily wounded.
You feel sick.
The scorpion stings you but does no damage.
The orc hits you with a +0 falchion.
You die...

#<. ### ######
###### #...).
#....# #.####
#....# #.#<#
##############...)#
#.#.#
.............'..@.#
#.#.#
##############..so#
#.#)# ##### #....#
#.#.# #...# #....#
#.#.# #...# #....#
#.#.# #...## #....#
#.#!# '....# ###'##
#.#.## #....# #.#
########.#...
#....# #.#
#......#....:


You could see a scorpion and an orc.

Vanquished Creatures
  6 adders
  A worm (D:3)
  4 dart slugs
  8 ball pythons
  5 bats
  3 endoplasms
  3 giant cockroaches
  5 goblins
  5 hobgoblins
  4 jackals (D:3)
  6 kobolds
  2 quokkas (D:3)
  A frilled lizard (D:1)
  6 rats
59 creatures vanquished.

Notes
Turn   | Place    | Note
-------+----------+-------------------------------------------
     0 | D:1      | qw the Minotaur Hexslinger began the quest for the Orb.
     0 | D:1      | Reached XP level 1. HP: 16/16 MP: 1/1
     0 | D:1      | 0 ||| qw: Version: 0.3-a-51-g015441d
     0 | D:1      | 0 ||| qw: Game counter: 4367
     0 | D:1      | 0 ||| qw: Melee chars always use a shield: true
     0 | D:1      | 0 ||| qw: God list: Okawaru
     0 | D:1      | 0 ||| qw: Allow faded altars: false
     0 | D:1      | 0 ||| qw: Do Orc after clearing Dungeon:15 true
     0 | D:1      | 0 ||| qw: Do second Lair branch before Depths: true
     0 | D:1      | 0 ||| qw: Lair rune preference: random
     0 | D:1      | 0 ||| qw: Goals: Normal
     0 | D:1      | 0 ||| PLANNING D:1-11
   205 | D:1      | Reached skill level 3 in Ranged Weapons
   205 | D:1      | Reached XP level 2. HP: 23/23 MP: 2/2
   215 | D:1      | Found a faded altar of an unknown god.
   405 | D:1      | Found Dauzen's Weapon Shoppe.
   422 | D:1      | 422 ||| SHOPLISTING +4 sling of freezing (247 gold, have
                  | 44).
   828 | D:1      | 828 ||| UPGRADING to +0 ring mail.
   838 | D:1      | 838 ||| DROPPING +0 robe.
   839 | D:1      | 839 ||| UPGRADING to +0 pair of gloves.
   844 | D:1      | 844 ||| UPGRADING to amulet of the acrobat.
   851 | D:1      | 851 ||| READING scroll labelled CUUBLE QUARR.
   852 | D:1      | 852 ||| READING scroll labelled ESTRUE BIYTWA.
   853 | D:1      | 853 ||| READING 2 scrolls labelled XOPTOE YTHINWO.
   854 | D:1      | 854 ||| DROPPING scroll of poison.
   892 | D:2      | Reached XP level 3. HP: 26/29 MP: 3/3
  1119 | D:2      | You fall into a shaft and drop 1 floor!
  1193 | D:3      | Reached skill level 4 in Ranged Weapons
  1280 | D:3      | Reached skill level 1 in Armour
  1384 | D:3      | 1384 ||| UPGRADING to ring of protection from cold.
  1385 | D:3      | 1385 ||| DRINKING 2 purple potions.
  1386 | D:3      | 1386 ||| DRINKING 2 smoky dark potions.
  1441 | D:2      | Reached XP level 4. HP: 36/36 MP: 4/4
  1579 | D:2      | 1579 ||| READING scroll labelled RIOCET FOANEF.
  1580 | D:2      | 1580 ||| READING scroll labelled NOT VA YNAGA.
  2160 | D:3      | Reached skill level 5 in Ranged Weapons
  2461 | D:3      | 2461 ||| DRINKING 2 blue potions.
  2462 | D:3      | 2462 ||| DROPPING potion of brilliance.
  2518 | D:4      | Noticed a scorpion
  2525 | D:4      | 2525 ||| STAIRDANCE
  2530 | D:3      | HP: 7/36 [orc/+0 falchion (5)]
  2531 | D:3      | HP: 1/36 [scorpion (5)]
  2532 | D:3      | Slain by an orc

Levels and vault maps discovered:
D:1:      lemuel_arrival_cross, layout_basic, serial_shops, shop_statue,
          hellmonk_ecumenical_altar_defaced_shrine, grunt_decor_resistance
D:2:      layout_rooms
D:3:      layout_basic
D:4:      layout_cave_pools, nicolae_overflow_hidden_temple,
          kennysheep_generic_room_7

Skill      XL: |  1  2  3  4 |
---------------+-------------+-----
Ranged Weapons | 3 4 5 |  5.0
Fighting       | 2 |  2.3
Armour         | 1 |  1.5
Dodging        | |  2.1
Spellcasting   | |  1.0
Hexes          | |  2.0

Action                     |  1- 3 |  4- 6 || total
---------------------------+-------+-------++-------
   Fire: Sling             |   101 |    68 ||   169
    Use: Scroll            |     3 |     2 ||     5
         Potion            |     2 |     1 ||     3
 Armour: Robe              |     2 |       ||     2
         Ring mail         |    11 |    22 ||    33
  Dodge: Dodged            |    27 |    40 ||    67

Table legend:
 A = Non-vault XP
 B = Vault XP
 C = Vault XP percentage of total XP
 D = Non-vault monster count
 E = Vault monster count
 F = Vault count percentage of total count
                 A         B        C        D         E       F
            +---------+---------+-------+---------+---------+-------
      Total |     172 |       6 |   3.4 |      57 |       2 |   3.4
            +---------+---------+-------+---------+---------+-------
        D:1 |      26 |       6 |  18.8 |      15 |       2 |  11.8
        D:2 |      44 |       0 |   0.0 |      14 |       0 |   0.0
        D:3 |     100 |       0 |   0.0 |      27 |       0 |   0.0
        D:4 |       2 |       0 |   0.0 |       1 |       0 |   0.0
            +---------+---------+-------+---------+---------+-------
